 Dungeon Crawl Stone Soup version 0.25-a0-310-g60f0ac2 (webtiles) character file.

Game seed: 3843817091164020984, levelgen mode: deterministic

28 Blackhawk the Skirmisher (level 3, -5/29 HPs)
             Began as a Formicid Abyssal Knight on Dec 23, 2019.
             Was a Follower of Lugonu.
             Killed by nerve-wracking pain
             ... invoked by Jessica
              (10 damage)
             ... on level 2 of the Dungeon.
             The game lasted 00:01:10 (890 turns).

Blackhawk the Skirmisher (Formicid Abyssal Knight)   Turns: 890, Time: 00:01:11

Health: -5/29      AC:  5    Str: 17    XL:     3   Next: 30%
Magic:  5/5        EV: 11    Int: 11    God:    Lugonu [*.....]
Gold:   30         SH:  0    Dex: 10    Spells: 2/2 levels left

rFire    . . .     SeeInvis +   a - +1 hand axe
rCold    . . .     Gourm    .   (no shield)
rNeg     . . .     Faith    .   k - +0 ring mail
rPois    .         Spirit   .   (helmet unavailable)
rElec    .         Reflect  .   (no cloak)
rCorr    .         Harm     .   (no gloves)
MR       .....                  (no boots)
Stlth    ..........             (no amulet)
HPRegen  0.09/turn              (no ring)
MPRegen  0.09/turn              (no ring)

@: no status effects
A: permanent stasis, dig shafts and tunnels, four strong arms, antennae 3
a: Dig, Shaft Self, Depart the Abyss, Renounce Religion


You were on level 2 of the Dungeon.
You worshipped Lugonu.
Lugonu was aware of your devotion.
You were not hungry.

You visited 1 branch of the dungeon, and saw 2 of its levels.
You visited the Abyss 1 time.

You collected 30 gold pieces.

Inventory:

Hand Weapons
 a - a +1 hand axe (weapon)
Missiles
 j - 18 poisoned darts (quivered)
Armour
 b - a +0 leather armour
 k - a +0 ring mail (worn)
Scrolls
 e - 2 scrolls of remove curse {unknown}
 i - a scroll of fog {unknown}
Potions
 d - 2 potions of curing {unknown}
 f - 2 potions of brilliance {unknown}
 h - a potion of heal wounds {unknown}
Comestibles
 c - 2 rations
 g - a chunk of flesh


   Skills:
 + Level 3.6 Fighting
 + Level 2.3 Axes
 + Level 2.6 Armour
 + Level 1.3 Dodging
 + Level 2.6 Invocations


You had 2 spell levels left.
You didn't know any spells.
Your spell library was empty.

Dungeon Overview and Level Annotations

Branches:
Dungeon (2/15)

Altars:

Annotations:
D:2 Jessica


Innate Abilities, Weirdness & Mutations

You cannot be hasted, slowed, berserked, paralysed or teleported.
You can dig through walls and to a lower floor.
Your four strong arms can wield two-handed weapons with a shield.
You have a pair of large antennae on your head. (SInv)


Message History

Jessica seems to speed up.
You completely miss Jessica.
Jessica is almost dead.
Jessica hits you but does no damage. Jessica closely misses you.
You closely miss Jessica.
Jessica is almost dead.
Jessica gestures at you while chanting.
You barely resist. Jessica gestures at you while chanting.
Your stasis prevents you from being slowed.
Your ring mail prevents you from hitting Jessica.
Jessica is almost dead.
Jessica gestures wildly while chanting.
Jessica blinks!
Jessica gestures at you while chanting. Pain shoots through your body!
* * * LOW HITPOINT WARNING * * *
Jessica gestures at you while chanting. Pain shoots through your body!
You die...

### ##.. ... #.#
##### #.###...#
#####..
#.......####.......
+..........@.@.....
#<.....##†.....####
#......##.#....#
..................#
#..##########......#
#. .#.##### .. .#.#
. ..#.# .. .#


You could see Jessica.

Vanquished Creatures
  2 oozes (D:1)
  2 dart slugs
  2 bats
  A giant cockroach (D:1)
  2 goblins (D:1)
  A hobgoblin (D:1)
  3 frilled lizards
  2 kobolds (D:1)
  3 rats (D:1)
18 creatures vanquished.

Notes
Turn   | Place    | Note
-------+----------+-------------------------------------------
     0 | Abyss:1  | Blackhawk the Formicid Abyssal Knight began the quest for
                  | the Orb.
     0 | Abyss:1  | Reached XP level 1. HP: 18/18 MP: 2/2
    45 | Abyss:1  | Noticed a wretched star
    49 | D:1      | Escaped the Abyss
   106 | D:1      | Reached * piety under Lugonu
   106 | D:1      | Reached skill level 1 in Dodging
   202 | D:1      | Reached XP level 2. HP: 24/24 MP: 3/3
   518 | D:1      | Reached XP level 3. HP: 21/29 MP: 4/4
   872 | D:2      | Noticed Jessica
   890 | D:2      | Killed from afar by Jessica

Levels and vault maps discovered:
D:1:      dpeg_arrival_radiant, layout_rooms, minmay_tromino_v4_b
D:2:      minmay_general_purpose_star, layout_basic, eino_tiny_chamber,
          uniq_jessica, uniq_crazy_yiuf_cottage

Skill      XL: |  1 |
---------------+----+-----
Dodging        | 1 |  1.3
Fighting       | |  3.6
Axes           | |  2.3
Armour         | |  2.6
Invocations    | |  2.6

Action                   || total
-------------------------++-------
Melee: Hand axe          ||    46
Invok: Depart the Abyss  ||     1
Armor: Leather armour    ||     9
Dodge: Dodged            ||    24

Table legend:
 A = Non-vault XP
 B = Vault XP
 C = Vault XP percentage of total XP
 D = Non-vault monster count
 E = Vault monster count
 F = Vault count percentage of total count
                 A         B        C        D         E       F
            +---------+---------+-------+---------+---------+-------
      Total |      40 |       1 |   2.4 |      17 |       1 |   5.6
            +---------+---------+-------+---------+---------+-------
        D:1 |      34 |       1 |   2.9 |      14 |       1 |   6.7
        D:2 |       6 |       0 |   0.0 |       3 |       0 |   0.0
            +---------+---------+-------+---------+---------+-------
